 Dungeon Crawl Stone Soup version 0.31-a0-496-g6f97920a28 (webtiles) character file.

Game seed: 13903029659292580440

12 randomguy2701 the Stinger (level 2, -1/17 HPs)
             Began as an Octopode Venom Mage on Aug 8, 2023.
             Slain by Natasha (6 damage)
             ... on level 2 of the Dungeon.
             The game lasted 00:00:35 (836 turns).

randomguy2701 the Stinger (Octopode Venom Mage)      Turns: 836, Time: 00:00:35

Health: -1/17      AC:  1    Str:  7    XL:     2   Next: 33%
Magic:  0/5        EV: 13    Int: 17    God:
Gold:   37         SH:  0    Dex: 12    Spells: 4/5 levels left

rFire   . . .        (no weapon)
rCold   . . .        (no shield)
rNeg    . . .        (helmet restricted)
rPois   .            (no amulet)
rElec   .            (no ring)
rCorr   .            (no ring)
SInv    .            (no ring)
Will    .....        (no ring)
Stlth   +++          (no ring)
HPRegen 0.22/turn    (no ring)
MPRegen 0.09/turn    (no ring)
                     (no ring)

%: no passive effects
@: very slightly contaminated
A: almost no armour, amphibious, 8 rings, camouflage 1, gelatinous body 1,
(nimble swimmer 1), tentacles
a: no special abilities


You were on level 2 of the Dungeon.
You visited 1 branch of the dungeon, and saw 2 of its levels.

You collected 37 gold pieces.

Inventory:

Scrolls
 b - a scroll of identify {unknown}
 c - a scroll of poison {unknown}
 f - a scroll of acquirement {unknown}
 g - a scroll of blinking {unknown}
 h - a scroll of fear {unknown}
 j - a scroll of brand weapon {unknown}
 k - a scroll of revelation {unknown}
Potions
 a - a potion of magic
 d - a potion of might {unknown}
 e - a potion of mutation {unknown}
 i - a potion of curing {unknown}


   Skills:
 + Level 2.1 Dodging
 + Level 2.7 Stealth
 + Level 2.3 Spellcasting
 + Level 1.0 Transmutations
 + Level 4.0 Poison Magic


You had 4 spell levels left.
You knew the following spells:

 Your Spells              Type           Power      Damage    Failure   Level
a - Sting                 Tmut/Pois      40%        1d5       7%          1

Your spell library contained the following spells:

 Spells                   Type           Power      Damage    Failure   Level
 Poisonous Vapours        Pois/Air       16%        N/A       12%         2
 Mephitic Cloud           Conj/Pois/Air  6%         N/A       32%         3
 Olgreb's Toxic Radiance  Pois           15%        N/A       34%         4


Dungeon Overview and Level Annotations

Branches:
Dungeon (2/15)

Altars:

Annotations:
D:2 Natasha


Innate Abilities, Weirdness & Mutations

You cannot wear most types of armour.
You are amphibious.
You can wear up to eight rings at the same time.
Your skin changes colour to match your surroundings (Stealth+).
Your rubbery body absorbs attacks. (AC +1, EV +1)
((You are camouflaged when in or above water. (Stealth+)))
You have tentacles for arms and can constrict up to eight enemies at once.


Message History

Natasha mewls in sadness.
Natasha claws you.
You are too injured to fight recklessly!
You are too injured to fight recklessly!
You are too injured to fight recklessly!
Casting: Sting (safe; 7% risk of failure)
Confirm with . or Enter, or press ? or * to list all spells.
Aiming: Sting (safe; 7% risk of failure)
Press: ? - help, Shift-Dir - straight line, f/p - Natasha
Aim: Natasha (64% to hit)
The sting misses Natasha.
The goblin shouts!
Natasha claws you.
* * * LOW HITPOINT WARNING * * *
Casting: Sting (safe; 7% risk of failure)
Confirm with . or Enter, or press ? or * to list all spells.
Aiming: Sting (safe; 7% risk of failure)
Press: ? - help, Shift-Dir - straight line, f/p - Natasha
Aim: Natasha (64% to hit)
The sting hits Natasha.
Natasha is poisoned.
Natasha is moderately wounded.
Natasha closely misses you.
Casting: Sting (safe; 7% risk of failure)
Confirm with . or Enter, or press ? or * to list all spells.
You don't have enough magic to cast this spell.
Unknown command.
You tentacle-slap Natasha but do no damage.
You grab Natasha.
Natasha is moderately wounded.
You constrict Natasha. Natasha casts a spell at you.
You resist with significant effort.
You tentacle-slap Natasha but do no damage.
Natasha is moderately wounded.
You constrict Natasha, but do no damage.
Natasha misses you.
You tentacle-slap Natasha but do no damage.
Natasha is heavily wounded.
You constrict Natasha. Natasha claws you.
You die...

##.#.# #. ...#.# #.
#..#.# #..# ###.##....#
#..# #.........####
##..### .##.............
......##.##............#
.......#.# #.........#
^........# ####(@g..#.#
........####....#h..#
(.......#....####..(....
.......##.#### .#.##.#
..#...##..# .#.# #
###.##..<## .# #
#......### .. #.....##
.. #...>.#


You could see Natasha (poisoned) and a goblin.

Vanquished Creatures
  A ball python (D:1)
  2 giant cockroaches
  2 goblins (D:1)
  A kobold (D:1)
  2 quokkas (D:1)
  A bat (D:1)
  A frilled lizard (D:1)
10 creatures vanquished.

Notes
Turn   | Place    | Note
-------+----------+-------------------------------------------
     0 | D:1      | randomguy2701 the Octopode Venom Mage began the quest for
                  | the Orb.
     0 | D:1      | Reached XP level 1. HP: 11/11 MP: 3/3
   535 | D:1      | Reached XP level 2. HP: 17/17 MP: 3/5
   787 | D:2      | Reached skill level 4 in Poison Magic
   827 | D:2      | Noticed Natasha
   836 | D:2      | Slain by Natasha

Illustrated notes

Levels and vault maps discovered:
D:1:      dpeg_arrival_snail, layout_loops_ring
D:2:      layout_rooms, serial_shops, shop, lightli_corner_chamber,
          uniq_jessica, uniq_natasha

Skill      XL: |  1  2 |
---------------+-------+-----
Poison Magic   | 4 |  4.0
Dodging        | |  2.1
Stealth        | |  2.7
Spellcasting   | |  2.3
Transmutations | |  1.0

Action                     || total
---------------------------++-------
  Melee: Unarmed           ||     6
         Constrict         ||     2
         Tentacles         ||     1
   Cast: Sting             ||    19
  Dodge: Dodged            ||    11

Table legend: (Time is in decaauts)
 A = Elapsed time spent in this place.
 B = Non-inter-level travel time spent in this place.
 C = Inter-level travel time spent in this place.
 D = Time resting spent in this place.
 E = Time spent auto-exploring this place.
 F = Levels seen in this place.
 G = Mean time per level.
                   A        B        C        D        E       F      G
               +--------+--------+--------+--------+--------+-----+--------+
         Total |    835 |    821 |     14 |      0 |    744 |   2 |  417.5 |
       Dungeon |    835 |    821 |     14 |      0 |    744 |   2 |  417.5 |
               +--------+--------+--------+--------+--------+-----+--------+

Top non-repeatable levels by time:
     D:1: 781 daAuts
     D:2: 54 daAuts
